 Dungeon Crawl Stone Soup version 0.29.1-12-g30fa7ad0bf (webtiles) character file.

Game seed: 12685558662004657299

27 Descartes the Chiller (level 2, 0/18 HPs)
             Began as a Deep Elf Wanderer on Jan 14, 2023.
             Killed from afar by Sigmund (5 damage)
             ... with a puff of flame
             ... on level 2 of the Dungeon.
             The game lasted 00:02:16 (1171 turns).

Descartes the Chiller (Deep Elf Wanderer)           Turns: 1171, Time: 00:02:17

Health: 0/18       AC:  3    Str:  8    XL:     2   Next: 93%
Magic:  6/7        EV: 11    Int: 19    God:
Gold:   89         SH:  0    Dex: 12    Spells: 3/5 levels left

rFire   . . .      SeeInvis .   m - +2 dagger (vamp)
rCold   . . .      Faith    .   (no shield)
rNeg    . . .      Spirit   .   b - +0 robe
rPois   .          Reflect  .   (no helmet)
rElec   .          Harm     .   (no cloak)
rCorr   .          Rampage  .   l - +0 pair of gloves
Will    .....                   (no boots)
Stlth   ++........              (no amulet)
HPRegen 0.06/turn               (no ring)
MPRegen 0.10/turn               (no ring)

@: no status effects
A: no striking features
a: no special abilities


You were on level 2 of the Dungeon.
You visited 1 branch of the dungeon, and saw 2 of its levels.

You collected 89 gold pieces.

Inventory:

Hand Weapons
 a - a +0 dagger
 d - a +0 short sword of flaming
 m - a +2 vampiric dagger (weapon)
Missiles
 h - 2 javelins (quivered)
Armour
 b - a +0 robe (worn)
 e - a +0 chain mail of cold resistance
 l - a +0 pair of gloves (worn)
Scrolls
 c - 2 scrolls of butterflies
 j - a scroll of fear {unknown}
 n - a scroll of teleportation {unknown}
Potions
 f - a potion of berserk rage {unknown}
 g - a potion of mutation {unknown}
 i - a potion of heal wounds {unknown}
 k - a potion of resistance {unknown}


   Skills:
 + Level 2.6 Fighting
 + Level 1.7 Stealth
 + Level 2.0 Spellcasting
 + Level 0.9 Conjurations
 + Level 3.5 Ice Magic
 + Level 1.4 Earth Magic
 + Level 1.3 Evocations


You had 3 spell levels left.
You knew the following spells:

 Your Spells              Type           Power      Damage    Failure   Level
a - Sandblast             Erth           14%        2d6       10%         1
b - Freeze                Ice            60%        1d8       4%          1

Your spell library contained the following spells:

 Spells                   Type           Power      Damage    Failure   Level
 Frozen Ramparts          Ice            30%        1d5       12%         3
 Stone Arrow              Conj/Erth      12%        3d7       30%         3
 Hailstorm                Conj/Ice       10%        3d5       56%         4


Dungeon Overview and Level Annotations

Branches:
Dungeon (2/15)

Altars:

Annotations:
D:2 Sigmund


Message History

Aim: Sigmund, wielding a +0 scythe and wearing a +2 robe of positive energy (heavily wounded, 78% to hit)
You miscast Sandblast.
You are very lightly contaminated with residual magic.
Nothing appears to happen.
Sigmund closely misses you.
Casting: Sandblast (safe; 10% risk of failure)
Confirm with . or Enter, or press ? or * to list all spells.
Aiming: Freeze (safe; 4% risk of failure)
Press: ? - help, Shift-Dir - straight line, f/p - Sigmund
Aim: Sigmund, wielding a +0 scythe and wearing a +2 robe of positive energy (heavily wounded)
You freeze Sigmund.
Sigmund is heavily wounded.
Sigmund casts a spell at you. The magic dart hits you. Sigmund misses you.
Your magical contamination has completely faded away.
Casting: Freeze (safe; 4% risk of failure)
Confirm with . or Enter, or press ? or * to list all spells.
Aiming: Sandblast (safe; 10% risk of failure)
Press: ? - help, Shift-Dir - straight line, f/p - Sigmund
Aim: Sigmund, wielding a +0 scythe and wearing a +2 robe of positive energy (heavily wounded, 78% to hit)
The blast of sand hits the ball python!
You kill the ball python!
Sigmund gestures wildly while chanting.
Sigmund flickers and vanishes!
Deactivating autopickup; reactivate with Ctrl-A.
Casting: Sandblast (safe; 10% risk of failure)
Confirm with . or Enter, or press ? or * to list all spells.
You can't see any susceptible monsters within range! (Use Z to cast anyway.) Unknown command.
You are confused.
Something hits you!
* * * LOW HITPOINT WARNING * * *
You bump into the rock wall.
You feel less confused.
A puff of flame appears from out of thin air!
The puff of flame misses you.
A puff of flame appears from out of thin air!
The puff of flame hits you.
You die...

#.# #. #.# .. #.#
############# #.#
#....#....... #.#
###.{..### # #.#
#.#..#.#.#
###########.##...#.#
............###..#.#
..........### ##@..#
..........# ###...#
###########
##.....#.. #.#
#...^....... #.#
#.#......... #.#
###.##.#...... #.#
#...##.#.#....
#..#.#....#....
#.##.#......#..


There were no monsters in sight!

Vanquished Creatures
  A dart slug (D:1)
  4 bats
  An endoplasm (D:1)
  4 giant cockroaches
  6 goblins (D:1)
  A hobgoblin (D:1)
  2 quokkas (D:1)
  A ball python (D:2)
  2 rats (D:1)
22 creatures vanquished.

Notes
Turn   | Place    | Note
-------+----------+-------------------------------------------
     0 | D:1      | Descartes the Deep Elf Wanderer began the quest for the
                  | Orb.
     0 | D:1      | Descartes set off with the following items: a +0 dagger, a
                  | +0 robe, 2 scrolls of butterflies; and the following spells
                  | available to memorise: Freeze, Sandblast, Frozen Ramparts,
                  | Stone Arrow, Hailstorm.
     0 | D:1      | Reached XP level 1. HP: 13/13 MP: 5/5
     2 | D:1      | Learned a level 1 spell: Sandblast
     4 | D:1      | Learned a level 1 spell: Freeze
   285 | D:1      | Reached XP level 2. HP: 18/18 MP: 4/6
  1131 | D:2      | Noticed Sigmund
  1171 | D:2      | Killed from afar by Sigmund

Illustrated notes

Levels and vault maps discovered:
D:1:      moated_graveyard_arrival, layout_basic
D:2:      layout_basic, serial_co_window_serial, co_window_corner_a,
          co_window_corner_a, co_window_corner_a, co_window_corner_a,
          co_window_paths_a, co_window_corner_a, co_window_paths_a,
          co_window_paths_a, co_window_paths_a, co_window_corner_cb,
          co_window_broadway_b, co_window_paths_c, co_window_broadway_c,
          glass_columns_c, glass_columns_a, minmay_cut_off, uniq_sigmund,
          uniq_jessica

Skill      XL: |  1  2 |
---------------+-------+-----
Spellcasting   | 2 |  2.0
Fighting       | |  2.6
Stealth        | |  1.7
Conjurations   | |  0.9
Ice Magic      | |  3.5
Earth Magic    | |  1.4
Evocations     | |  1.3

Action                   || total
-------------------------++-------
Melee: Short sword       ||    10
 Cast: Sandblast         ||    28
       Freeze            ||     5
Armor: Robe              ||     3
Dodge: Dodged            ||    12
